 Dungeon Crawl Stone Soup version 0.19-a0-990-gf36c7f1 (webtiles) character file.

75279 Implojin the Nimble (level 14, 0/149 HPs)
             Began as a Troll Fighter on July 14, 2016.
             Was a High Priest of Okawaru.
             Slain by PotatoDream's ghost (3 damage)
             ... on level 1 of the Spider Nest.
             The game lasted 00:44:56 (4953 turns).

Implojin the Nimble (Troll Fighter)                 Turns: 4953, Time: 00:44:57

Health: 0/149      AC: 31    Str: 32    XL:     14   Next: 63%
Magic:  15/19      EV: 17    Int:  4    God:    Okawaru [*****.]
Gold:   333        SH: 13    Dex: 13    Spells: 0 memorised, 13 levels left

rFire  . . .     SeeInvis .     n - +0 flail (protect)
rCold  . . .     Gourm    +     V - +0 pearl dragon armour
rNeg   + . .     Faith    .     P - +1 shield {AC+3}
rPois  +         Spirit   .     (helmet restricted)
rElec  .         Dismiss  .     J - +1 cloak {+Inv}
rCorr  .         Reflect  .     (gloves unavailable)
SustAt .         Harm     .     (boots unavailable)
MR     +....                    (no amulet)
Stlth  +.........               r - +3 ring of protection
                                E - ring of poison resistance

@: mighty, heroism, finesse, somewhat resistant to hostile enchantments, very
unstealthy
A: unfitting armour, claws 3, fast metabolism 3, gourmand, regeneration 2,
shaggy fur 1, tough skin 2
a: Heroism, Finesse, Renounce Religion, Evoke Invisibility
}: 1/15 runes: decaying


You were on level 1 of the Spider Nest.
You worshipped Okawaru.
Okawaru was extremely pleased with you.
You were not hungry.

You visited 5 branches of the dungeon, and saw 25 of its levels.

You collected 333 gold pieces.

Inventory:

Hand Weapons
 a - a +2 broad axe of freezing
 n - a +0 flail of protection (weapon)
 o - a +2 short sword of distortion
 N - a +2 blowgun
Missiles
 g - 2 throwing nets
 h - 7 curare-tipped needles
 z - 4 large rocks (quivered)
 R - 2 steel tomahawks
Armour
 J - a +1 cloak of invisibility (worn)
 L - a +2 mottled dragon armour
 P - a +1 shield of protection (worn)
 Q - a swamp dragon hide
 V - a +0 pearl dragon armour (worn)
Jewellery
 b - a +2 ring of slaying
 r - a +3 ring of protection (right claw)
 A - a +2 ring of intelligence
 E - a ring of poison resistance (left claw)
 G - the ring of Suspicion {Fire rPois Int+2}
   (You found it on level 3 of the Lair of Beasts)

   [ring of fire]

   It enhances your fire magic, and weakens your ice magic.
   It affects your intelligence (+2).
   It protects you from fire.
   It makes you vulnerable to cold.
   It protects you from poison.
 U - an uncursed ring of ice
Wands
 M - a wand of iceblast (1/15)
Scrolls
 f - 3 scrolls of remove curse
 l - 7 scrolls of teleportation
 m - 2 scrolls of fog
 q - 2 scrolls of recharging
 u - a scroll of immolation
 v - a scroll of fear
 B - a scroll of torment {unknown}
 C - a scroll of brand weapon {unknown}
 D - a scroll of random uselessness {unknown}
 F - a scroll of blinking
 T - a scroll of noise {unknown}
 Y - a scroll of enchant armour {unknown}
Potions
 c - a potion of might
 e - a potion of invisibility {unknown}
 i - a potion of lignification
 j - a potion of brilliance {unknown}
 p - 2 potions of curing
 s - a potion of flight
 K - 2 potions of resistance
 W - a potion of magic
Comestibles
 d - 7 bread rations
 k - 4 meat rations
 X - 3 slices of pizza


   Skills:
 - Level 12.2(17.2) Fighting
 * Level 5.2(10.2) Armour
 - Level 12.4(17.4) Dodging
 - Level 0.5(5.5) Stealth
 - Level 4.1(9.1) Shields
 - Level 12.0(17.0) Unarmed Combat
 - Level 8.0 Invocations


You had 13 spell levels left.
You didn't know any spells.

Dungeon Overview and Level Annotations

Branches:
Dungeon (15/15)            Temple (1/1) D:4            Lair (4/6) D:11
  Swamp (4/4) Lair:2       Spider (1/4) Lair:4          Orc (0/2) D:10
 Depths (0/5) D:15
 Vaults: D:13-14

Altars:
Ashenzari
Cheibriados
Dithmenos
Elyvilon
Fedhas
Gozag
Hepliaklqana
Kikubaaqudgha
Makhleb
Nemelex Xobeh
Okawaru
Pakellas
Qazlal
Ru
Sif Muna
Trog
Uskayaw
Vehumet
Xom
Yredelemnul
Zin
The Shining One

Shops:
D:13 }

Annotations:
D:15 exclusion: upstairs
Spider:1 PotatoDream's ghost, adept DsBe


Innate Abilities, Weirdness & Mutations

You are too large for most types of armour.
You have claws for hands.
Your metabolism is lightning-fast.
You like to eat raw meat.
You heal very quickly.
You are covered in fur. (AC +1)
You have very tough skin. (AC +2)


Message History

The redback completely misses you. x2
You hit PotatoDream's ghost but do no damage.
PotatoDream's ghost is almost destroyed.
PotatoDream's ghost wails, "I have seen your future, and it is all used up."
PotatoDream's ghost hits you!
* * * LOW HITPOINT WARNING * * *
PotatoDream's ghost burns you.
* * * LOW HITPOINT WARNING * * *
The redback bites you but does no damage.
Unknown command.
You hit PotatoDream's ghost.
PotatoDream's ghost is almost destroyed.
The redback bites you but does no damage.
The redback misses you.
Your pearl dragon armour prevents you from hitting PotatoDream's ghost.
PotatoDream's ghost is almost destroyed.
The redback bites you but does no damage.
You block PotatoDream's ghost's attack.
You hit PotatoDream's ghost.
PotatoDream's ghost is almost destroyed.
The redback barely misses you. You block the redback's attack.
PotatoDream's ghost hits you!!
* * * LOW HITPOINT WARNING * * *
PotatoDream's ghost burns you.
* * * LOW HITPOINT WARNING * * *
You hit PotatoDream's ghost but do no damage.
PotatoDream's ghost is almost destroyed.
You feel like a meek peon again. You block the redback's attack. x2
You gain the combat prowess of a mighty hero.
You block the redback's attack. The redback misses you.
PotatoDream's ghost barely misses you. The redback barely misses you.
Unknown command.
Unknown command.
You barely miss PotatoDream's ghost.
PotatoDream's ghost is almost destroyed.
You block the redback's attack. PotatoDream's ghost hits you!
* * * LOW HITPOINT WARNING * * *
PotatoDream's ghost burns you.
You die...

#########
##...#)..##
###.........#
#...$.......##
#.........^.##.
##..............
#..†.†..Ws......
##§##..s@.......
#####†..........
#...............
......†..$.........
.....^..........^..
..#.#...#..........
...................
.. ................
. ^.............


You could see 2 redbacks and PotatoDream's ghost.

Vanquished Creatures
  A thorn hunter (Swamp:4)
  Kirke (D:14)
  An emperor scorpion (Spider:1)
  A very ugly thing (Swamp:4)
  A fire dragon (D:11)
  16 hydras
  2 ogre magi (D:15)
  A hell hog (shapeshifter) (D:15)
  3 tengu warriors
  A spriggan (Swamp:4)
  Sonja (D:14)
  An unseen horror (D:11)
  A giant orange brain (D:15)
  A shambling mangrove (Swamp:4)
  Pikel (D:5)
  8 swamp dragons
  An orc knight (D:15)
  8 ugly things
  A hill giant (D:13)
  A griffon (Lair:2)
  A manticore (D:13)
  A salamander (shapeshifter) (D:13)
  A cyclops (D:11)
  An orc sorcerer (D:15)
  3 centaur zombies
  The ghost of Implojin the Grappler, a novice TrFi (D:8)
  A black mamba (shapeshifter) (D:15)
  A gargoyle (D:10)
  4 spiny frogs
  2 centaur skeletons
  A demonic crawler (Spider:1)
  4 komodo dragons
  A troll (D:13)
  4 giant leeches
  A tengu conjurer (D:15)
  A harpy skeleton (D:14)
  3 jumping spiders (Lair:4)
  A polar bear (D:12)
  4 two-headed ogres
  14 slime creatures
  A bog body (Swamp:4)
  A raiju (shapeshifter) (D:15)
  14 redbacks
  A tarantella (Spider:1)
  27 yaks
  A vampire (D:11)
  A basilisk (Lair:1)
  A hippogriff (D:12)
  15 vampire mosquitoes
  2 hungry ghosts
  A hog (D:14)
  Menkaure (D:5)
  A warg (D:15)
  A mottled dragon (D:15)
  12 swamp worms
  4 water moccasins
  2 porcupines (Lair:1)
  Duvessa (D:5)
  9 swamp drakes
  2 ice beasts
  A slave (D:5)
  2 sky beasts
  9 orc warriors
  A phantom (D:6)
  4 wasps (Swamp:4)
  13 ogres
  5 necrophages
  8 wolves
  4 boggarts (D:15)
  3 centaurs
  A crocodile (Lair:2)
  A big kobold (D:12)
  4 giant frogs
  Dowan (D:5)
  3 scorpions
  An electric eel (Lair:2)
  6 crimson imps
  2 hounds
  3 orc priests
  A water moccasin simulacrum (D:9)
  A jelly (D:5)
  An iguana (Lair:2)
  5 orc wizards
  2 worker ants
  A killer bee zombie (D:6)
  6 sheep (Lair:3)
  A killer bee simulacrum (D:9)
  4 gnolls (D:5)
  5 adders
  26 river rats
  2 shadow imps
  A white imp (D:12)
  An ufetubus (D:12)
  An ooze (D:1)
  4 giant geckos
  27 orcs
  A bat (D:3)
  A giant cockroach (D:3)
  3 hobgoblins
  3 jackals
  A quokka (D:3)
  A giant newt (D:3)
  7 kobolds
  2 rats
  A fungus (Lair:2)
381 creatures vanquished.

Notes
Turn   | Place    | Note
-------+----------+-------------------------------------------
     0 | D:1      | Implojin the Troll Fighter began the quest for the Orb.
     0 | D:1      | Reached XP level 1. HP: 22/22 MP: 0/0
    96 | D:2      | Reached XP level 2. HP: 27/29 MP: 1/1
   134 | D:3      | Reached skill level 3 in Unarmed Combat
   201 | D:4      | Noticed an ogre
   211 | D:4      | Killed an ogre
   211 | D:4      | Reached skill level 4 in Unarmed Combat
   211 | D:4      | Reached XP level 3. HP: 14/36 MP: 2/2
   211 | D:4      | Reached XP level 4. HP: 18/44 MP: 3/3
   268 | D:3      | Reached skill level 5 in Unarmed Combat
   295 | D:4      | Reached XP level 5. HP: 38/50 MP: 4/4
   377 | D:4      | Found a staircase to the Ecumenical Temple.
   383 | Temple   | Entered the Ecumenical Temple
   422 | Temple   | Became a worshipper of Warmaster Okawaru
   441 | D:5      | Entered Level 5 of the Dungeon
   558 | D:5      | Noticed Pikel
   558 | D:5      | Noticed a slave
   559 | D:5      | Noticed a slave
   559 | D:5      | Noticed a necrophage
   560 | D:5      | Noticed a slave
   564 | D:5      | Killed a slave
   573 | D:5      | HP: 1/50 [Pikel/whip of flaming (4)]
   577 | D:5      | Noticed a slave
   593 | D:5      | Noticed Menkaure
   599 | D:5      | Killed Menkaure
   599 | D:5      | Reached skill level 6 in Unarmed Combat
   599 | D:5      | Reached XP level 6. HP: 16/58 MP: 5/5
   609 | D:5      | Reached skill level 7 in Unarmed Combat
   611 | D:5      | Killed Pikel
   611 | D:5      | Reached * piety under Okawaru
   611 | D:5      | Reached skill level 9 in Unarmed Combat
   611 | D:5      | Reached XP level 7. HP: 15/65 MP: 6/6
   749 | D:5      | Noticed Duvessa
   750 | D:5      | Noticed Dowan
   754 | D:5      | Killed Duvessa
   754 | D:5      | Reached XP level 8. HP: 69/73 MP: 4/7
   756 | D:5      | Killed Dowan
   788 | D:5      | Reached skill level 10 in Unarmed Combat
   919 | D:6      | Reached ** piety under Okawaru
   950 | D:6      | Reached skill level 11 in Unarmed Combat
  1023 | D:8      | Noticed Implojin's ghost (novice TrFi)
  1036 | D:8      | Killed Implojin's ghost
  1036 | D:8      | Reached XP level 9. HP: 32/79 MP: 5/8
  1047 | D:8      | Found a shattered altar of Ashenzari.
  1116 | D:8      | Reached skill level 12 in Unarmed Combat
  1157 | D:8      | Reached skill level 3 in Fighting
  1208 | D:10     | Entered Level 10 of the Dungeon
  1242 | D:10     | Reached skill level 4 in Fighting
  1270 | D:10     | Noticed a gargoyle
  1270 | D:10     | Reached *** piety under Okawaru
  1277 | D:10     | Killed a gargoyle
  1277 | D:10     | Reached skill level 5 in Fighting
  1363 | D:11     | Reached skill level 6 in Fighting
  1382 | D:11     | Reached skill level 7 in Fighting
  1382 | D:11     | Reached XP level 10. HP: 101/101 MP: 6/9
  1421 | D:11     | Reached **** piety under Okawaru
  1577 | D:10     | Found a staircase to the Orcish Mines.
  1753 | D:11     | Found a staircase to the Lair.
  1777 | D:11     | Reached skill level 8 in Fighting
  1799 | D:11     | Killed an unseen horror
  1873 | D:11     | Noticed a cyclops
  1881 | D:11     | Killed a cyclops
  1881 | D:11     | Reached skill level 9 in Fighting
  1882 | D:11     | Noticed a fire dragon
  1891 | D:11     | Killed a fire dragon
  1937 | D:12     | Reached skill level 10 in Fighting
  1953 | D:12     | Reached ***** piety under Okawaru
  1953 | D:12     | Reached XP level 11. HP: 49/119 MP: 6/10
  2105 | D:13     | Reached skill level 11 in Fighting
  2119 | D:13     | Reached skill level 1 in Invocations
  2146 | D:13     | Reached skill level 2 in Invocations
  2147 | D:13     | Noticed a tengu warrior
  2149 | D:13     | Noticed a tengu warrior
  2162 | D:13     | Killed a tengu warrior
  2174 | D:13     | Killed a tengu warrior
  2174 | D:13     | Received a gift from Okawaru
  2192 | D:13     | Noticed a hill giant
  2198 | D:13     | Killed a hill giant
  2207 | D:13     | Found Raizikyl's Gadget Shoppe.
  2305 | D:14     | Noticed Sonja
  2307 | D:14     | Killed Sonja
  2307 | D:14     | Reached skill level 12 in Fighting
  2316 | D:14     | Noticed a brown ugly thing
  2316 | D:14     | Noticed a brown ugly thing
  2316 | D:14     | Noticed a brown ugly thing
  2316 | D:14     | Noticed a brown ugly thing
  2316 | D:14     | Noticed a brown ugly thing
  2320 | D:14     | Killed a purple ugly thing
  2327 | D:14     | Killed a red ugly thing
  2327 | D:14     | Reached skill level 3 in Shields
  2333 | D:14     | Killed a cyan ugly thing
  2342 | D:14     | Killed a cyan ugly thing
  2342 | D:14     | Reached skill level 4 in Shields
  2344 | D:14     | Killed a cyan ugly thing
  2347 | D:14     | Reached skill level 3 in Invocations
  2409 | D:14     | Reached XP level 12. HP: 109/132 MP: 10/13
  2455 | D:14     | Reached skill level 4 in Invocations
  2511 | D:14     | Noticed Kirke
  2520 | D:14     | Noticed a sphinx
  2520 | D:14     | Killed Kirke
  2520 | D:14     | Received a gift from Okawaru
  2520 | D:14     | Reached skill level 6 in Invocations
  2521 | D:14     | Got a polished rapier {god gift}
  2535 | D:15     | Entered Level 15 of the Dungeon
  2564 | D:15     | Noticed a tengu warrior
  2572 | D:15     | Killed a tengu warrior
  2583 | D:15     | Reached skill level 7 in Invocations
  2629 | D:15     | Noticed an ogre mage
  2660 | D:15     | Killed an ogre mage
  2729 | D:15     | Received a gift from Okawaru
  2729 | D:15     | Reached skill level 8 in Invocations
  2754 | D:15     | Reached skill level 3 in Dodging
  2896 | D:15     | Noticed an ogre mage
  2903 | D:15     | Killed an ogre mage
  2903 | D:15     | Reached skill level 4 in Dodging
  2929 | D:15     | Reached skill level 5 in Dodging
  2961 | D:15     | Reached skill level 6 in Dodging
  2965 | D:15     | Received a gift from Okawaru
  3041 | D:15     | Found a staircase to the Depths.
  3045 | D:15     | Reached XP level 13. HP: 140/140 MP: 18/18
  3099 | D:15     | Reached skill level 7 in Dodging
  3239 | Lair:1   | Entered Level 1 of the Lair of Beasts
  3529 | Lair:2   | Reached skill level 8 in Dodging
  3542 | Lair:2   | Found a staircase to the Swamp.
  3575 | Swamp:1  | Entered Level 1 of the Swamp
  3647 | Swamp:2  | Reached skill level 9 in Dodging
  3744 | Swamp:4  | Entered Level 4 of the Swamp
  3744 | Swamp:4  | Noticed a cyan very ugly thing
  3758 | Swamp:4  | Killed a cyan very ugly thing
  3758 | Swamp:4  | Received a gift from Okawaru
  3847 | Swamp:4  | Reached skill level 10 in Dodging
  3911 | Swamp:4  | Received a gift from Okawaru
  3919 | Swamp:4  | Reached skill level 11 in Dodging
  3920 | Swamp:4  | Noticed a thorn hunter
  3926 | Swamp:4  | Killed a thorn hunter
  3926 | Swamp:4  | Reached XP level 14. HP: 123/149 MP: 13/19
  3999 | Swamp:4  | Reached skill level 12 in Dodging
  4074 | Swamp:4  | Got a decaying rune of Zot
  4092 | Swamp:4  | Received a gift from Okawaru
  4206 | Lair:2   | Reached skill level 1 in Armour
  4493 | Lair:3   | Reached skill level 2 in Armour
  4601 | Lair:3   | Got a warped golden ring
  4606 | Lair:3   | Identified the ring of Suspicion {Fire rPois Int+2} (You found it on level 3 of the Lair of Beasts)
  4661 | Lair:4   | Reached skill level 3 in Armour
  4722 | Lair:4   | Received a gift from Okawaru
  4778 | Lair:4   | Found a hole to the Spider Nest.
  4784 | Lair:4   | Reached skill level 4 in Armour
  4811 | Spider:1 | Entered Level 1 of the Spider Nest
  4817 | Spider:1 | Noticed PotatoDream's ghost (adept DsBe)
  4828 | Spider:1 | Noticed an emperor scorpion
  4882 | Spider:1 | Killed an emperor scorpion
  4882 | Spider:1 | Reached skill level 5 in Armour
  4953 | Spider:1 | HP: 3/149 [PotatoDream's ghost (11)]
  4953 | Spider:1 | Slain by PotatoDream's ghost

Vault maps used:
D:1:      evilmike_arrival_run_for_it, minmay_door_square
D:2:      cheibriados_altar_1, uniq_sigmund
D:4:      minmay_misc_feat_doors, lemuel_blue_sif_altar
D:5:      first_bread, uniq_pikel, uniq_duvessa, uniq_prince_ribbit1,
          uniq_menkaure
D:6:      basic_altar
D:7:      wad_woods_settlement, minivault_22
D:8:      evilmike_ruin_ashenzari, uniq_grum
D:9:      serial_ice, serial_ice_b, serial_ice_l, serial_ice_g, serial_ice_a,
          hangedman_ranch, uniq_maurice
D:10:     orc_david_3
D:11:     lair_0_dummy
D:12:     serial_ice, serial_ice_k, serial_ice_c, serial_ice_f, serial_ice_b,
          basic_altar, serial_park_tiny_pond, grunt_decor_mini_mirrors,
          lemuel_angel_altar
D:13:     grunt_vaults_entry_tiered, serial_shops, shop, grunt_ministairs_9
D:14:     kennysheep_generic_room_14, uniq_kirke, uniq_sonja
D:15:     gammafunk_enter_depths_forms, grunt_gozag_statues
Temple:   grunt_wide_crystal_templ
Lair:1:   special_room, lemuel_oklob_altar, grunt_megastairs_4
Lair:2:   nicolae_swamp_entry_splash_gauntlet, lemuel_fruit_fields
Lair:3:   serial_bayou_shore_b, grunt_megastairs_3, uniq_gastronok, uniq_fannar
Lair:4:   nicolae_spider_entry_tight_spaces, basic_altar, grunt_megastairs_2
Swamp:1:  nicolae_swamp_fairy_circle
Swamp:2:  evilmike_swamp_ruin_house_2, infiniplex_staircase_pool
Swamp:3:  evilmike_swamp_ruin_house_1, uniq_mara
Swamp:4:  swamp, swamp_pool3, hangedman_swamp_blocks, roderic_carrion_pond,
          uniq_aizul
Spider:1: lemuel_spider_zombies, uniq_frances

Skill      XL: |  1  2  3  4  5  6  7  8  9 10 11 12 13 14 |
---------------+-------------------------------------------+-----
Unarmed Combat | 4 5 6 9 11 12 | 12.0
Fighting       | 7 10 12 | 12.2
Invocations    | 3 8 |  8.0
Shields        | 4 |  4.1
Dodging        | 6 11 12 | 12.4
Armour         | 5 |  5.2
Stealth        | |  0.5

Action                   |  1- 3 |  4- 6 |  7- 9 | 10-12 | 13-15 || total
-------------------------+-------+-------+-------+-------+-------++-------
Melee: Unarmed           |    38 |    60 |   145 |   402 |   581 ||  1226
       Flail             |       |       |       |       |    41 ||    41
       Falchion          |       |       |       |       |     8 ||     8
Throw: Large rock        |       |       |       |       |    17 ||    17
       Tomahawk          |       |       |       |       |     5 ||     5
Invok: Heroism           |       |       |    13 |    32 |    21 ||    66
       Finesse           |       |       |       |     1 |    10 ||    11
Evoke: Wand              |       |       |       |       |     5 ||     5
  Use: Potion            |       |     1 |     1 |     3 |     5 ||    10
       Scroll            |       |       |     7 |     3 |    15 ||    25
 Stab: Sleeping          |       |       |       |     1 |       ||     1
  Eat: Chunk             |     1 |     7 |    10 |    12 |    14 ||    44
Armor: Robe              |    64 |    18 |    23 |    89 |       ||   194
       Skin              |       |       |     1 |       |       ||     1
       Pearl dragon armo |       |       |       |     2 |   269 ||   271
Dodge: Dodged            |    33 |    22 |    30 |   104 |   354 ||   543
Block: Shield            |    70 |    34 |    51 |   150 |   395 ||   700

Table legend:
 A = Turns spent in this place as a percentage of turns spent in the entire game.
 B = Non-inter-level travel turns spent in this place as a percentage of non-inter-level travel turns spent in the entire game.
 C = Inter-level travel turns spent in this place as a percentage of turns spent in this place.
 D = Turns resting spent in this place as a percentage of non-inter-level travel turns spent in this place.
 E = Turns spent auto-exploring this place as a percentage of non-inter-level travel turns spent in this place.
 F = Non-inter-level travel turns spent in this place divided by the number of levels of this place that you've seen.
                   A       B       C       D       E      F
               +-------+-------+-------+-------+-------+----------------------
         Total | 100.0 | 100.0 |   0.0 |   0.2 |   0.0 | 205.3
       Dungeon |  62.1 |  62.1 |   0.0 |   0.2 |   0.0 | 212.7
        Temple |   1.1 |   1.1 |   0.0 |   0.0 |   0.0 |  55.0
          Lair |  19.7 |  19.7 |   0.0 |   0.2 |   0.0 | 252.8
         Swamp |  14.1 |  14.1 |   0.0 |   0.0 |   0.0 | 180.5
   Spider Nest |   3.0 |   3.0 |   0.0 |   0.0 |   0.0 | 155.0
               +-------+-------+-------+-------+-------+----------------------

Table legend:
 A = Kills in this place as a percentage of kills in entire the game.
 B = Kills by you in this place as a percentage of kills by you in the entire game.
 C = Kills by friends in this place as a percentage of kills by friends in the entire game.
 D = Other kills in this place as a percentage of other kills in the entire game.
 E = Experience gained in this place as a percentage of experience gained in the entire game.
 F = Experience gained in this place divided by the number of levels of this place that you have seen.
                   A       B       C       D       E      F
               +-------+-------+-------+-------+-------+----------------------
         Total | 100.0 | 100.0 |  -nan |  -nan | 100.0 | 3558.8
       Dungeon |  57.8 |  57.8 |  -nan |  -nan |  45.9 | 2724.3
          Lair |  21.4 |  21.4 |  -nan |  -nan |  12.9 | 2858.2
         Swamp |  17.9 |  17.9 |  -nan |  -nan |  36.8 | 8187.0
   Spider Nest |   2.9 |   2.9 |  -nan |  -nan |   4.4 | 3925.0
               +-------+-------+-------+-------+-------+----------------------
